 Dungeon Crawl Stone Soup version 0.32-a0-612-g1c984fe9d1 (webtiles) character file.

Game seed: 16133564646119179532

232 Sabo the Charlatan (level 6, -10/47 HPs)
             Began as a Gnoll Artificer on Mar 3, 2024.
             Was a Priest of Beogh.
             Killed from afar by Bogdar the orc apostle (14 damage)
             ... with a zap
             ... on level 4 of the Dungeon on Mar 5, 2024.
             The game lasted 00:26:30 (3680 turns).

Sabo the Charlatan (Gnoll Artificer)                Turns: 3680, Time: 00:26:37

Health: -10/47     AC:  8    Str: 13    XL:     6   Next: 4%
Magic:  8/8        EV: 15    Int: 10    God:    Beogh [***...]
Gold:   99         SH:  0    Dex: 13    Spells: 8/8 levels left

rFire   . . .        j - +2 morningstar (flame)
rCold   . . .        (no shield)
rNeg    . . .        r - +0 scale mail
rPois   .            o - +0 helmet
rElec   .            (no cloak)
rCorr   .            (no gloves)
SInv    .            (no boots)
Will    .....        (no amulet)
Stlth   +            t - +5 ring of evasion
HPRegen 0.27/turn    a - +4 ring of slaying
MPRegen 0.11/turn

%: no passive effects
@: no status effects
A: fangs 1, strong nose, distributed training
a: Renounce Religion, Smiting


You were on level 4 of the Dungeon.
You worshipped Beogh.
Beogh was most pleased with you.
You visited 1 branch of the dungeon, and saw 4 of its levels.

You collected 99 gold pieces.

Inventory:

Hand Weapons
 j - a +2 morningstar of flaming (weapon)
Missiles
 u - a throwing net
Armour
 o - a +0 helmet (worn)
 r - a +0 scale mail (worn)
Jewellery
 a - a +4 ring of slaying (right hand)
 b - a +6 ring of intelligence
 t - a +5 ring of evasion (left hand)
Wands
 c - a wand of flame (15) (quivered)
 d - a wand of charming (15)
 e - a wand of iceblast (5)
Scrolls
 f - 2 scrolls of brand weapon
 g - a scroll of vulnerability {unknown}
 i - a scroll of poison {unknown}
 l - a scroll of teleportation
 n - a scroll of torment {unknown}
Potions
 h - 3 potions of heal wounds {unknown}
 k - a potion of brilliance {unknown}
 m - 2 potions of lignification {unknown}
 p - a potion of invisibility {unknown}
 q - a potion of curing {unknown}
 s - a potion of resistance {unknown}


   Skills:
 + Level 3.1 Fighting
 + Level 1.8 Short Blades
 + Level 1.8 Long Blades
 + Level 1.8 Axes
 + Level 1.8 Maces & Flails
 + Level 1.8 Polearms
 + Level 1.8 Staves
 + Level 1.8 Ranged Weapons
 + Level 1.8 Throwing
 + Level 4.9 Armour
 + Level 3.1 Dodging
 + Level 3.0 Stealth
 + Level 1.8 Shields
 + Level 1.8 Unarmed Combat
 + Level 1.8 Spellcasting
 + Level 1.4 Conjurations
 + Level 1.4 Hexes
 + Level 1.4 Summonings
 + Level 1.4 Necromancy
 + Level 1.4 Translocations
 + Level 1.4 Fire Magic
 + Level 1.4 Ice Magic
 + Level 1.4 Air Magic
 + Level 1.4 Earth Magic
 + Level 1.4 Alchemy
 + Level 2.0 Invocations
 + Level 6.8 Evocations
 + Level 1.6 Shapeshifting


You had 8 spell levels left.
You didn't know any spells.
Your spell library was empty.

Dungeon Overview and Level Annotations

Branches:
Dungeon (4/15)
 Temple: D:4-7

Altars:
Trog
Beogh

Shops:
D:4 =


Innate Abilities, Weirdness & Mutations

Your facial features look somewhat orcish.
You have very sharp teeth.
Your uncanny sense of smell can sniff out nearby items.
Your experience applies equally to all skills.


Message History

There is an open door here.
Things that are here:
a +0 club; 6 stones; a goblin corpse
There is an open door here.
Things that are here:
a +0 club; 6 stones; a goblin corpse As you open the door, it creaks loudly!
There is an open door here.
There is an open door here.
Bogdar the orc apostle comes into view.
He is wielding the +2 dagger of Gicilink {freeze, rPois rN+} and wearing a +0 robe of fire resistance.
Bogdar gestures at you while chanting. The zap misses you.
Bogdar casts a spell at you. The zap hits you!
Bogdar gestures at you while chanting. The zap misses you.
You puncture Bogdar! You burn Bogdar.
Bogdar is moderately wounded.
Bogdar hits you with the +2 dagger of Gicilink.
Bogdar freezes you.
You barely miss Bogdar.
Bogdar is moderately wounded.
Bogdar hits you with the +2 dagger of Gicilink.
Bogdar freezes you.
You puncture Bogdar!
Bogdar is moderately wounded.
Bogdar hits you with the +2 dagger of Gicilink!
Bogdar freezes you. Bogdar hits you but does no damage.
You hit Bogdar. You burn Bogdar.
Bogdar is heavily wounded.
Bogdar casts a spell at you. The zap hits you!
* * * LOW HITPOINT WARNING * * *
You hit Bogdar.
Bogdar is heavily wounded.
Bogdar closely misses you. Bogdar gestures at you while chanting.
The zap hits you!
You die...
Beogh appreciates Bogdar's killing of a heretic priest.

#....#######......)....
#######....#...........
#....#...........
#....#...........
#....#...........
#....#...########
#######....#...##...
#..........)........
#.....@o...#........
#......#####...##... .
#......# ....# ### ..
#......# .....#
#......# ##....#
####'### #....# #.....#
.....# #.....# #....##


You could see Bogdar the orc apostle (divinely empowered).

Vanquished Creatures
  A bombardier beetle (D:3)
  An iguana (D:4)
  Terence (D:2)
  2 orc wizards (D:4)
  3 adders
  A dart slug (D:1)
  3 ribbon worms (D:2)
  6 orcs (D:4)
  3 ball pythons
  7 endoplasms
  2 giant cockroaches
  7 goblins
  8 hobgoblins
  2 jackals (D:2)
  9 kobolds
  A quokka (D:1)
  8 bats
  4 frilled lizards
  2 rats
71 creatures vanquished.

Vanquished Creatures (others)
  3 orcs (D:4)
3 creatures vanquished.

Grand Total: 74 creatures vanquished

Notes
Turn   | Place    | Note
-------+----------+-------------------------------------------
     0 | D:1      | Sabo the Gnoll Artificer began the quest for the Orb.
     0 | D:1      | Reached XP level 1. HP: 17/17 MP: 1/1
   142 | D:1      | Found a faded altar of an unknown god.
   156 | D:1      | Prayed at the altar of an unknown god.
   156 | D:1      | Became a worshipper of Beogh the Shepherd
   156 | D:1      | Reached * piety under Beogh
   477 | D:1      | Reached XP level 2. HP: 10/23 MP: 2/2
  1140 | D:2      | Reached XP level 3. HP: 17/28 MP: 3/3
  1231 | D:2      | Reached ** piety under Beogh
  1232 | D:2      | Reached skill level 1 in Invocations
  1346 | D:2      | Reached skill level 1 in Short Blades
  1346 | D:2      | Reached skill level 1 in Long Blades
  1346 | D:2      | Reached skill level 1 in Axes
  1346 | D:2      | Reached skill level 1 in Maces & Flails
  1346 | D:2      | Reached skill level 1 in Polearms
  1346 | D:2      | Reached skill level 1 in Staves
  1346 | D:2      | Reached skill level 1 in Ranged Weapons
  1346 | D:2      | Reached skill level 1 in Throwing
  1346 | D:2      | Reached skill level 1 in Shields
  1346 | D:2      | Reached skill level 1 in Unarmed Combat
  1346 | D:2      | Reached skill level 1 in Spellcasting
  1549 | D:2      | Noticed Terence
  1559 | D:2      | Killed Terence
  1560 | D:2      | Reached skill level 1 in Conjurations
  1560 | D:2      | Reached skill level 1 in Hexes
  1560 | D:2      | Reached skill level 1 in Summonings
  1560 | D:2      | Reached skill level 1 in Necromancy
  1560 | D:2      | Reached skill level 1 in Translocations
  1560 | D:2      | Reached skill level 1 in Fire Magic
  1560 | D:2      | Reached skill level 1 in Ice Magic
  1560 | D:2      | Reached skill level 1 in Air Magic
  1560 | D:2      | Reached skill level 1 in Earth Magic
  1560 | D:2      | Reached skill level 1 in Alchemy
  1560 | D:2      | Reached skill level 1 in Shapeshifting
  1560 | D:2      | Reached XP level 4. HP: 25/34 MP: 5/5
  1917 | D:3      | Reached XP level 5. HP: 19/40 MP: 5/7
  1971 | D:3      | Found a bloodstained altar of Trog.
  3320 | D:4      | Found Margh's One-of-a-Kind Rings.
  3475 | D:4      | Upgraded the game from 0.32-a0-607-g64ea0e4219 to
                  | 0.32-a0-612-g1c984fe9d1
  3549 | D:4      | Reached XP level 6. HP: 47/47 MP: 8/8
  3647 | D:4      | Reached *** piety under Beogh
  3670 | D:4      | Identified the +2 dagger of Gicilink {freeze, rPois rN+}
  3670 | D:4      | Noticed Bogdar
  3680 | D:4      | Killed from afar by Bogdar the orc apostle

Illustrated notes

Levels and vault maps discovered:
D:1:      kennysheep_arrival_seaside, layout_basic, basic_ecumenical_altar
D:2:      layout_basic, uniq_terence
D:3:      wad_lake_hut, layout_basic, trog_hazing_becter, portal_sewer_entry_b,
          nrook_loot_triangle
D:4:      layout_gridville, serial_shops, nicolae_square_shop,
          nicolae_shop_unique_rings, grunt_decor_junction

Skill      XL: |  1  2  3  4  5 |
---------------+----------------+-----
Invocations    | 1 2 |  2.0
Short Blades   | 1 |  1.8
Long Blades    | 1 |  1.8
Axes           | 1 |  1.8
Maces & Flails | 1 |  1.8
Polearms       | 1 |  1.8
Staves         | 1 |  1.8
Ranged Weapons | 1 |  1.8
Throwing       | 1 |  1.8
Shields        | 1 |  1.8
Unarmed Combat | 1 |  1.8
Spellcasting   | 1 |  1.8
Conjurations   | 1 |  1.4
Hexes          | 1 |  1.4
Summonings     | 1 |  1.4
Necromancy     | 1 |  1.4
Translocations | 1 |  1.4
Fire Magic     | 1 |  1.4
Ice Magic      | 1 |  1.4
Air Magic      | 1 |  1.4
Earth Magic    | 1 |  1.4
Alchemy        | 1 |  1.4
Shapeshifting  | 1 |  1.6
Fighting       | 3 |  3.1
Dodging        | 3 |  3.1
Stealth        | 3 |  3.0
Armour         | |  4.9
Evocations     | |  6.8

Action                     |  1- 3 |  4- 6 || total
---------------------------+-------+-------++-------
  Melee: Club              |    22 |       ||    22
         Bite              |    12 |    10 ||    22
         Morningstar       |    52 |   110 ||   162
    Use: Scroll            |     1 |     4 ||     5
 Armour: Ring mail         |    64 |       ||    64
         Scale mail        |       |    72 ||    72
  Dodge: Dodged            |    52 |    89 ||   141

Table legend: (Time is in decaauts)
 A = Elapsed time spent in this place.
 B = Non-inter-level travel time spent in this place.
 C = Inter-level travel time spent in this place.
 D = Time resting spent in this place.
 E = Time spent auto-exploring this place.
 F = Levels seen in this place.
 G = Mean time per level.
                   A        B        C        D        E       F      G
               +--------+--------+--------+--------+--------+-----+--------+
         Total |   3836 |   3836 |      0 |    467 |      0 |   4 |  959.0 |
       Dungeon |   3836 |   3836 |      0 |    467 |      0 |   4 |  959.0 |
               +--------+--------+--------+--------+--------+-----+--------+

Top non-repeatable levels by time:
     D:3: 1307 daAuts
     D:1: 1136 daAuts
     D:2: 757 daAuts
     D:4: 634 daAuts
